 Dungeon Crawl Stone Soup version 0.28-a0-1199-gef9e1dbd39 (webtiles) character file.

Game seed: 1982609640644600279

13060 SensoryNuts the Carver (level 11, -1/84 HPs)
             Began as a Demonspawn Fighter on Dec 19, 2021.
             Was an Initiate of Gozag.
             Slain by a skeletal warrior (23 damage)
             ... led by a death knight
             ... on level 11 of the Dungeon.
             The game lasted 00:29:29 (14075 turns).

SensoryNuts the Carver (Demonspawn Fighter)        Turns: 14075, Time: 00:29:29

Health: -1/84      AC: 20    Str: 20    XL:     11   Next: 70%
Magic:  11/11      EV: 14    Int:  9    God:    Gozag
Gold:   356        SH: 10    Dex: 20    Spells: 10/10 levels left

rFire   + . .      SeeInvis +   q - +5 falchion of the New World {vamp, rC+ Dex+3 Stlth-}
rCold   + . .      Faith    .   c - +0 buckler
rNeg    + . .      Spirit   .   H - +2 pearl dragon scales
rPois   +          Reflect  .   (helmet unavailable)
rElec   .          Harm     .   F - +0 cloak of the Beekeeper {Regen+}
rCorr   .          Rampage  .   m - +1 pair of gloves
Will    .....                   o - +0 pair of boots
Stlth   +.........              x - amulet "Zichuv" {rF+ Regen+ Dex+3}
HPRegen 1.84/turn               k - ring of poison resistance
MPRegen 0.12/turn               z - ring of see invisible

@: mighty
A: horns 3, foul stench 2, spiny 1, sturdy frame 2, large bone plates 1, passive
freeze, wild magic 1
a: Renounce Religion, Potion Petition, Call Merchant, Bribe Branch


You were on level 11 of the Dungeon.
You worshipped Gozag.
Gozag was aware of your devotion.
You visited 2 branches of the dungeon, and saw 12 of its levels.
You also visited: Sewer.

You collected 3176 gold pieces.
You spent 2756 gold pieces at shops.
You paid 64 gold pieces to Gozag.

Inventory:

Hand Weapons
 a - a +0 long sword
 q - the +5 falchion of the New World (weapon) {vamp, rC+ Dex+3 Stlth-}
   (You found it in a sewer)

   It occasionally heals its wielder for a portion of the damage dealt when it
   wounds a living foe.
   Dex:       It affects your dexterity (+3).
   rC:        It protects you from cold.
   Stlth:     It makes you less stealthy.
Armour
 b - a +1 scale mail
 c - a +0 buckler (worn)
 m - a +1 pair of gloves (worn)
 o - a +0 pair of boots (worn)
 F - the +0 cloak of the Beekeeper (worn) {Regen+}
   (You acquired it on level 3 of the Dungeon)

   Regen:     It increases your rate of health regeneration.
 H - +2 pearl dragon scales (worn)
Magical Staves
 r - a staff of air
Jewellery
 e - a +6 ring of intelligence
 k - a ring of poison resistance (left hand)
 s - a ring of resist corrosion
 v - a ring of protection from cold
 w - a ring of wizardry
 x - the amulet "Zichuv" (around neck) {rF+ Regen+ Dex+3}
   (You acquired it on level 3 of the Dungeon)

   [amulet of regeneration]

   Dex:       It affects your dexterity (+3).
   rF:        It protects you from fire.
   Regen:     It increases your rate of health regeneration.
 z - a ring of see invisible (right hand)
 B - an amulet of magic regeneration
 D - a ring of flight
Wands
 p - a wand of digging (10)
 y - a wand of polymorph (5)
 A - a wand of iceblast (19) (quivered)
 G - a wand of acid (4)
Scrolls
 d - 3 scrolls of fog
 g - 3 scrolls of vulnerability
 h - a scroll of enchant weapon
 l - 2 scrolls of noise
 t - 7 scrolls of identify
 C - a scroll of fear
 E - a scroll of magic mapping
 J - a scroll of immolation {unknown}
Potions
 f - 2 potions of curing
 i - a potion of lignification
 j - 2 potions of cancellation
 n - 3 potions of degeneration
 u - a potion of flight
 K - a potion of haste {unknown}


   Skills:
 + Level 7.1 Fighting
 * Level 12.4 Long Blades
 + Level 7.0 Armour
 + Level 5.7 Dodging
 + Level 3.0 Stealth
 + Level 6.3 Shields


You had 10 spell levels left.
You didn't know any spells.
Your spell library contained the following spells:

 Spells                   Type           Power      Damage    Failure   Level
 Summon Lightning Spire   Summ/Air       0%         N/A       100%        4
 Storm Form               Tmut/Air       0%         N/A       100%        7
 Maxwell's Capacitive Co  Air            0%         ∞         100%        8


Dungeon Overview and Level Annotations

Branches:
Dungeon (11/15)            Temple (1/1) D:6            Lair (0/6) D:9
    Orc (0/2) D:10          Sewer (visited)

Altars:
Ashenzari
Cheibriados
Dithmenos
Elyvilon
Fedhas
Gozag
Hepliaklqana
Kikubaaqudgha
Makhleb
Nemelex Xobeh
Okawaru
Qazlal
Ru
Sif Muna
Trog
Uskayaw
Vehumet
Wu Jian
Xom
Yredelemnul
Zin
The Shining One
Beogh

Shops:
D:3 [?[?(   D:7 (

Portals:
Abyss: D:9

Annotations:
D:9 2 transporters, Redcow54321's ghost, novice FeBe


Innate Abilities, Weirdness & Mutations

You have a pair of large horns on your head.
You sometimes emit foul miasma when damaged in melee.
You are partially covered in sharp spines.
Your movements are less encumbered by armour. (ER -4)
You are partially covered in large bone plates. (SH +4)
A frigid envelope surrounds you and freezes all who hurt you.
Your spells are a little harder to cast, but a little more powerful.


Message History

There is an open door here.
A death knight and a skeletal warrior come into view.
The death knight is wielding a +3 morningstar and wearing a +2 chain mail of willpower.
The death knight shouts!
A freezing wraith comes into view.
There are monsters nearby! 2 freezing wraiths come into view.
The skeletal warrior hits you with a +0 glaive!!
The skeletal warrior resists.
The skeletal warrior is very cold.
The skeletal warrior is lightly damaged.
There is a broken door, spattered with blood here.
You hit the skeletal warrior.
The skeletal warrior is lightly damaged.
The skeletal warrior hits you with a +0 glaive!
Your pearl dragon scales prevents you from hitting the skeletal warrior.
The skeletal warrior is lightly damaged.
The skeletal warrior barely misses you. The death knight barely misses you.
You hit the skeletal warrior. You headbutt the skeletal warrior.
The skeletal warrior is lightly damaged.
You closely miss the skeletal warrior.
You headbutt the skeletal warrior, but do no damage.
The skeletal warrior is lightly damaged.
The skeletal warrior hits you with a +0 glaive!
The skeletal warrior resists.
The skeletal warrior is very cold.
The skeletal warrior is moderately damaged.
You emit a cloud of foul miasma!
The death knight hits you with a +3 morningstar!!
The death knight is very cold.
The death knight is lightly wounded.
You feel very mighty all of a sudden.
You block the skeletal warrior's attack.
The death knight is struck by your spines.
The death knight hits you with a +3 morningstar!
* * * LOW HITPOINT WARNING * * *
The death knight is very cold.
The death knight is moderately wounded.
You feel better.
The skeletal warrior hits you with a +0 glaive!!
You die...
Your body crumbles into a pile of gold.

.###.# #.... #.####
..# ....#.... .## ..
#.# ....#.).. ##. .#
..##.#######...#....
..# ...
...<.....##...#.)..
### ...
........##...#.... .#
.. #...........#....
#.)#
###'##...........#...)
.##
#..Wp@...........+....
##
#..Wz#......##...#....
.###
#..W####'#####'###....
#..# #...
#......##...##### .###
#.. #.......#........
##### #..
#.......#........
..#[# #.
#.......#........
##.## #.
#......^#........ .###
#...##.##.#######


You could see a death knight, a skeletal warrior and 3 freezing wraiths.

Vanquished Creatures
  A hydra (D:11)
  5 two-headed ogres
  A cyclops (D:11)
  Maurice (D:11)
  A komodo dragon (D:11)
  2 kobold demonologists (D:11)
  2 trolls (D:11)
  4 yaks
  A wyvern (D:8)
  3 wraiths
  2 steam dragons
  2 acid dragons
  19 orc warriors
  A sky beast (D:7)
  2 black bears (D:6)
  3 centaurs
  2 ogres (D:4)
  3 phantoms
  2 kobold brigands (D:9)
  3 bullfrogs
  3 scorpions
  A wyvern skeleton (D:7)
  3 water moccasin zombies
  20 killer bees
  3 wights (D:8)
  6 howler monkeys
  An electric eel (D:7)
  A centaur zombie (D:9)
  A bullfrog zombie (D:5)
  4 hounds
  A jelly (D:5)
  4 gnoll shamans (D:7)
  9 orc priests
  A scorpion zombie (D:5)
  A bullfrog skeleton (D:5)
  4 iguanas
  6 orc wizards
  A killer bee zombie (D:6)
  2 howler monkey zombies
  Robin (D:3)
  11 gnolls (D:7)
  7 adders
  2 howler monkey skeletons
  A river rat (D:4)
  A white imp (D:8)
  A worm (D:3)
  61 orcs
  3 bats
  9 endoplasms
  12 giant cockroaches
  13 goblins
  12 hobgoblins
  5 jackals
  11 kobolds
  8 quokkas
  9 ball pythons
  9 frilled lizards
  5 rats
313 creatures vanquished.

Vanquished Creatures (others)
  6 plants (D:7)
6 creatures vanquished.

Grand Total: 319 creatures vanquished

Notes
Turn   | Place    | Note
-------+----------+-------------------------------------------
     0 | D:1      | SensoryNuts the Demonspawn Fighter began the quest for the
                  | Orb.
     0 | D:1      | Reached XP level 1. HP: 18/18 MP: 1/1
   188 | D:1      | Found a faded altar of an unknown god.
   448 | D:1      | Gained mutation: You have a pair of small horns on your
                  | head. [demonic ancestry]
   448 | D:1      | Reached XP level 2. HP: 24/24 MP: 2/2
   480 | D:1      | Reached skill level 2 in Long Blades
  1369 | D:2      | Gained mutation: You may rarely emit foul miasma when
                  | damaged in melee. [demonic ancestry]
  1369 | D:2      | Reached XP level 3. HP: 29/29 MP: 3/3
  2143 | D:2      | Gained mutation: You are partially covered in sharp spines.
                  | [demonic ancestry]
  2143 | D:2      | Reached XP level 4. HP: 35/35 MP: 4/4
  2289 | D:2      | Found a hazy altar of Hepliaklqana.
  2344 | D:2      | Gained mutation: You are strong-willed. (Will+) [potion of
                  | mutation]
  2344 | D:2      | Gained mutation: Your mind is acute. (Int +2) [potion of
                  | mutation]
  2463 | D:3      | Noticed Robin
  2467 | D:3      | Reached skill level 3 in Long Blades
  2484 | D:3      | Killed Robin
  2707 | D:3      | Found Xomes's Weapon Boutique.
  2768 | D:3      | Found a sacrificial altar of Ru.
  2771 | D:3      | Found an iron altar of Okawaru.
  2775 | D:3      | Found a radiant altar of Vehumet.
  2855 | D:3      | Found Qahadah's Armour Shop.
  2858 | D:3      | Found Appalakh's Magic Scroll Emporium.
  2921 | D:3      | Found Goc Fad's Armour Shoppe.
  2953 | D:3      | Found Raachaom's Magic Scroll Boutique.
  3187 | D:4      | Noticed an ogre
  3194 | D:4      | Killed an ogre
  3195 | D:4      | Reached skill level 4 in Long Blades
  3195 | D:4      | Gained mutation: You have a pair of horns on your head.
                  | [demonic ancestry]
  3195 | D:4      | Reached XP level 5. HP: 41/41 MP: 5/5
  3301 | D:4      | Found a glowing drain.
  3340 | Sewer    | Entered a sewer
  3430 | Sewer    | Gained mutation: You sometimes emit foul miasma when
                  | damaged in melee. [demonic ancestry]
  3430 | Sewer    | Reached XP level 6. HP: 46/47 MP: 6/6
  3437 | Sewer    | Reached skill level 5 in Long Blades
  3489 | Sewer    | Reached skill level 1 in Dodging
  3916 | Sewer    | Identified the +5 falchion of the New World {vamp, rC+
                  | Dex+3 Stlth-}
  3922 | Sewer    | Identified a scroll of acquirement
  3922 | Sewer    | Acquired 1273 gold pieces
  4527 | D:5      | Entered Level 5 of the Dungeon
  4532 | D:5      | Gained mutation: Your movements are slightly less
                  | encumbered by armour. (ER -2) [demonic ancestry]
  4532 | D:5      | Reached XP level 7. HP: 53/53 MP: 7/7
  4578 | D:4      | Reached skill level 6 in Long Blades
  4807 | D:5      | Reached skill level 1 in Stealth
  4851 | D:5      | Gained mutation: Your movements are less encumbered by
                  | armour. (ER -4) [demonic ancestry]
  4851 | D:5      | Reached XP level 8. HP: 60/60 MP: 8/8
  5099 | D:6      | Found a staircase to the Ecumenical Temple.
  5104 | D:6      | Reached skill level 7 in Long Blades
  5130 | Temple   | Entered the Ecumenical Temple
  5390 | Temple   | Became a worshipper of Gozag Ym Sagoz the Greedy
  5881 | D:6      | Found a shadowy altar of Dithmenos.
  6829 | D:6      | Identified the +4 scale mail of Sloth {Harm rF+ Int+4}
  7184 | D:3      | Bought a scroll of acquirement for 728 gold pieces
  7184 | D:3      | Acquired the amulet "Zichuv" {rF+ Regen+ Dex+3}
  7329 | D:7      | Reached skill level 8 in Long Blades
  7329 | D:7      | Reached skill level 5 in Armour
  7410 | D:7      | Reached XP level 9. HP: 66/66 MP: 9/9
  7472 | D:7      | Found Fegi's Antique Weapon Emporium.
  7789 | D:7      | Reached skill level 9 in Long Blades
  8552 | D:3      | Bought a scroll of acquirement for 728 gold pieces
  8554 | D:3      | Acquired the +0 cloak of the Beekeeper {Regen+}
  8760 | D:6      | Lost mutation: Your mind is acute. (Int +2) [potion of
                  | mutation]
  8760 | D:6      | Lost mutation: You are strong-willed. (Will+) [potion of
                  | mutation]
  8760 | D:6      | Gained mutation: You are somewhat resistant to further
                  | mutation. [potion of mutation]
  8761 | D:6      | Lost mutation: You are somewhat resistant to further
                  | mutation. [potion of mutation]
  8761 | D:6      | Gained mutation: A frigid envelope surrounds you and
                  | freezes all who hurt you. [potion of mutation]
  8761 | D:6      | Gained mutation: You are partially covered in large bone
                  | plates. (SH +4) [potion of mutation]
  8909 | D:8      | Reached skill level 10 in Long Blades
  8939 | D:8      | Reached skill level 5 in Fighting
  9083 | D:8      | Gained mutation: You have a pair of large horns on your
                  | head. [demonic ancestry]
  9083 | D:8      | Reached XP level 10. HP: 66/73 MP: 10/10
 10135 | D:8      | You fall into a shaft and drop 3 floors!
 10135 | D:11     | Noticed a cyclops
 10140 | D:11     | Noticed an eight-headed hydra
 10142 | D:11     | Noticed a two-headed ogre
 10165 | D:11     | Noticed a sun demon
 10186 | D:11     | Noticed an orange demon
 10186 | D:11     | Killed a two-headed ogre
 10198 | D:11     | Killed an eight-headed hydra
 10199 | D:11     | Reached skill level 5 in Shields
 10301 | D:11     | Killed a cyclops
 10351 | D:11     | Noticed a two-headed ogre
 10361 | D:11     | Killed a two-headed ogre
 10362 | D:11     | Reached skill level 11 in Long Blades
 10368 | D:11     | Gained mutation: Your spells are a little harder to cast,
                  | but a little more powerful. [a neqoxec]
 10407 | D:11     | Noticed Maurice
 10412 | D:11     | Paralysed by Maurice for 6 turns
 10424 | D:11     | Killed Maurice
 10502 | D:11     | Reached XP level 11. HP: 79/81 MP: 11/11
 10553 | D:11     | Noticed a two-headed ogre
 10561 | D:11     | Killed a two-headed ogre
 10608 | D:11     | Noticed a two-headed ogre
 10615 | D:11     | Killed a two-headed ogre
 10616 | D:11     | Reached skill level 5 in Dodging
 10633 | D:10     | Entered Level 10 of the Dungeon
 10918 | D:10     | Reached skill level 12 in Long Blades
 11335 | D:10     | You fall into a shaft and drop 1 floor!
 11657 | D:10     | Found a staircase to the Orcish Mines.
 12196 | D:9      | Found a staircase to the Lair.
 12205 | D:9      | Noticed a two-headed ogre
 12211 | D:9      | Killed a two-headed ogre
 12613 | D:9      | Found a transporter.
 12618 | D:9      | Found a one-way gate to the infinite horrors of the Abyss.
 12618 | D:9      | Noticed Redcow54321's ghost (novice FeBe)
 12620 | D:9      | Noticed a skeletal warrior
 12638 | D:9      | Found a transporter.
 12645 | D:9      | Noticed a green ugly thing
 13431 | D:3      | Bought +2 pearl dragon scales for 1300 gold pieces
 14068 | D:11     | Noticed a death knight
 14068 | D:11     | Noticed a skeletal warrior
 14075 | D:11     | Slain by a skeletal warrior

Illustrated notes

Levels and vault maps discovered:
D:1:      dpeg_arrival_round_c, layout_basic,
          dreamdust_ecumenical_altar_angels_and_demons, minmay_surrounded
D:2:      layout_basic, basic_altar
D:3:      layout_basic, grunt_temple_overflow_diamond, serial_shops, shop, shop,
          shop, shop, nicolae_shop_window_shopping, uniq_robin
D:4:      layout_loops_corners, portal_sewer_entry_a, palyth_stone_intersect
D:5:      cheibrodos_quashed, layout_cave_pools
D:6:      layout_rooms, nicolae_dithmenos_shadow_blocks, temple_statues,
          minmay_misc_feat_more_columns
D:7:      kennysheep_seaside_town, layout_rooms, serial_bayou,
          serial_bayou_lagoon_a, serial_bayou_pond_e, serial_bayou_pond_d,
          serial_bayou_shore_b, serial_shops, shop
D:8:      layout_loops_corners
D:9:      layout_grid_maze, general_overflow_altar, lair_entry_dummy,
          gammafunk_ghost_abyssal_escape
D:10:     layout_layer_cave, tso_metal_star, david_orc_5
D:11:     layout_gridville, ebering_ghost_inner_flame, special_room
          [special_room_orc], minmay_misc_feat_x, minmay_increasing_density,
          uniq_grum, uniq_maurice
Temple:   nicolae_temple_elliptical

Skill      XL: |  1  2  3  4  5  6  7  8  9 10 11 |
---------------+----------------------------------+-----
Long Blades    | 2 4 5 6 8 10 11 12 | 12.4
Armour         | 3 4 5 6 7 |  7.0
Shields        | 3 4 5 6 |  6.3
Dodging        | 1 2 4 5 |  5.7
Stealth        | 1 2 3 |  3.0
Fighting       | 4 5 6 7 |  7.1

Action                   |  1- 3 |  4- 6 |  7- 9 | 10-12 || total
-------------------------+-------+-------+-------+-------++-------
Melee: Long sword        |   112 |    85 |       |       ||   197
       Headbutt          |     7 |    15 |    76 |    85 ||   183
       Falchion          |       |    20 |   252 |   315 ||   587
  Use: Scroll            |       |     9 |     6 |     6 ||    21
       Potion            |       |     6 |     7 |     5 ||    18
 Stab: Distracted        |       |       |     1 |     2 ||     3
Armor: Scale mail        |    41 |    32 |    86 |    51 ||   210
       Skin              |       |       |       |    35 ||    35
       Pearl dragon scal |       |       |       |     7 ||     7
Dodge: Dodged            |    62 |    32 |   119 |   140 ||   353
Block: Buckler           |    21 |    24 |    89 |   136 ||   270

Table legend: (Time is in decaauts)
 A = Elapsed time spent in this place.
 B = Non-inter-level travel time spent in this place.
 C = Inter-level travel time spent in this place.
 D = Time resting spent in this place.
 E = Time spent auto-exploring this place.
 F = Levels seen in this place.
 G = Mean time per level.
                   A        B        C        D        E       F      G
               +--------+--------+--------+--------+--------+-----+--------+
         Total |  14200 |  10576 |   3624 |     58 |   7831 |  13 | 1092.3 |
       Dungeon |  13132 |   9580 |   3552 |     58 |   7312 |  11 | 1193.8 |
        Temple |    333 |    261 |     72 |      0 |    236 |   1 |  333.0 |
         Sewer |    733 |    733 |      0 |      0 |    282 |   1 |  733.0 |
               +--------+--------+--------+--------+--------+-----+--------+

Top non-repeatable levels by time:
     D:6: 1802 daAuts
     D:8: 1363 daAuts
     D:1: 1360 daAuts
    D:10: 1279 daAuts
     D:3: 1166 daAuts
     D:7: 1159 daAuts
     D:4: 1142 daAuts
     D:2: 1064 daAuts
     D:9: 1022 daAuts
    D:11: 908 daAuts
     D:5: 864 daAuts
   Sewer: 733 daAuts
  Temple: 333 daAuts
